TOP OF THE 1ST |
Arizona State University Sun Devils batting - Pitching for University of Nebraska Cornhuskers : RHP Scott Ernst
|
Pitching: RHP Scott Ernst
|
|
Batting: RHB Tchaa Kombate
|
0-0: Foul Ball, location: 2F 0-1: Ball 1-1: Ground out 6-3 (Groundball, 6D, EV 81.2 MPH)
|
Batting: LHB Kenny Jackson
|
0-0: Ball 1-0: Ground out 6-3 (Groundball, 6, EV 92.5 MPH)
|
Batting: LHB Eddie Lemus
|
0-0: Ball 1-0: Called Strike 1-1: Called Strike 1-2: Strikes out swinging
|
Top of the 1st over - 0 runs, 0 hits, 0 errors, 0 left on base; Arizona State University 0 - University of Nebraska 0 |
BOTTOM OF THE 1ST |
University of Nebraska Cornhuskers batting - Pitching for Arizona State University Sun Devils : LHP Justin Thornton
|
Pitching: LHP Justin Thornton
|
|
Batting: RHB Willie Acevedo
|
0-0: Ball 1-0: Ball 2-0: Fly out, F9 (Line Drive, 9LM, EV 100.6 MPH)
|
Batting: RHB Chris Lenius
|
0-0: SINGLE (Groundball, 56D, EV 106.9 MPH)
|
Batting: RHB Fred Rodriguez
|
0-0: Fielders Choice at 2nd, 5-4 (Groundball, 5, EV 93.8 MPH)
|
Batting: SHB Omar Cervantes
|
0-0: Ball 1-0: Foul Ball, location: 2F 1-1: Foul Ball, location: 2F 1-2: Fly out, F9 (Flyball, 9, EV 90.6 MPH)
|
Bottom of the 1st over - 0 runs, 1 hit, 0 errors, 1 left on base; Arizona State University 0 - University of Nebraska 0 |
TOP OF THE 2ND |
Arizona State University Sun Devils batting - Pitching for University of Nebraska Cornhuskers : RHP Scott Ernst
|
Batting: SHB Joan Coucieiro
|
0-0: Ball 1-0: Swinging Strike 1-1: Fly out, F7 (Line Drive, 78M, EV 98.1 MPH)
|
Batting: RHB Arturo Gomez
|
0-0: Fly out, F8 (Flyball, 8LD, EV 100.0 MPH)
|
Batting: RHB Jim Unknown
|
0-0: Fly out, F3 (Popup, 3DF, EV 71.9 MPH)
|
Top of the 2nd over - 0 runs, 0 hits, 0 errors, 0 left on base; Arizona State University 0 - University of Nebraska 0 |
BOTTOM OF THE 2ND |
University of Nebraska Cornhuskers batting - Pitching for Arizona State University Sun Devils : LHP Justin Thornton
|
Batting: RHB Bogumil Filipowski
|
0-0: Reached on error, E6 (Groundball, 6, EV 94.4 MPH)
|
Batting: RHB George Buffy
|
0-0: Foul Ball, location: 2F 0-1: SINGLE (Groundball, 34D, EV 96.9 MPH) Bogumil Filipowski to second Runner from 2nd tries for 3rd, SAFE, throw by RF made to third
|
Batting: LHB Martin Koka
|
0-0: Fly out, F4 (Popup, 4S, EV 68.8 MPH)
|
Batting: RHB Ricky Avila
|
0-0: Called Strike 0-1: Ball 1-1: Grounds into double play, 6-4-3 (Groundball, 6M, EV 88.1 MPH)
|
Bottom of the 2nd over - 0 runs, 1 hit, 1 error, 1 left on base; Arizona State University 0 - University of Nebraska 0 |
TOP OF THE 3RD |
Arizona State University Sun Devils batting - Pitching for University of Nebraska Cornhuskers : RHP Scott Ernst
|
Batting: RHB Bobby Johannsen
|
0-0: Ball 1-0: Swinging Strike 1-1: Called Strike 1-2: Foul Ball, location: 2F 1-2: DOUBLE (Flyball, 78D, EV 100.0 MPH)
|
Batting: RHB Raul Vargas
|
0-0: Ball 1-0: Swinging Strike 1-1: Ball 2-1: Ball 3-1: Fly out, F8 (Flyball, 89D, EV 93.8 MPH) Runner from 2nd tags up, SAFE at 3rd, no throw by CF
|
Batting: RHB Jim Unknown
|
0-0: Called Strike 0-1: Ball 1-1: Called Strike 1-2: Ball 2-2: Foul Ball, location: 2F 2-2: Foul Ball, location: 2F 2-2: Strikes out swinging
|
Batting: RHB Tchaa Kombate
|
0-0: Ground out 5-3 (Groundball, 56, EV 88.8 MPH)
|
Top of the 3rd over - 0 runs, 1 hit, 0 errors, 1 left on base; Arizona State University 0 - University of Nebraska 0 |
BOTTOM OF THE 3RD |
University of Nebraska Cornhuskers batting - Pitching for Arizona State University Sun Devils : LHP Justin Thornton
|
Batting: RHB Mike Robinson
|
0-0: Ball 1-0: Swinging Strike 1-1: Called Strike 1-2: Ball 2-2: Ball 3-2: Strikes out looking
|
Batting: RHB Willie Acevedo
|
0-0: Ball 1-0: Called Strike 1-1: Foul Ball, location: 2F 1-2: Foul Ball, location: 2F 1-2: Foul Ball, location: 2F 1-2: Foul Ball, location: 2F 1-2: SINGLE (Groundball, 34D, EV 83.8 MPH) (infield hit)
|
Batting: RHB Chris Lenius
|
0-0: Called Strike 0-1: Called Strike 0-2: SINGLE (Groundball, 56D, EV 96.2 MPH) Willie Acevedo to second
|
Batting: RHB Fred Rodriguez
|
0-0: Called Strike 0-1: Foul Ball, location: 2F 0-2: DOUBLE (Line Drive, 8RD, EV 104.4 MPH) Willie Acevedo scores Chris Lenius to third
|
Batting: SHB Omar Cervantes
|
0-0: Foul Ball, location: 2F 0-1: Ball 1-1: Swinging Strike 1-2: Ball 2-2: Strikes out swinging
|
Batting: RHB Bogumil Filipowski
|
0-0: Ball Wild Pitch! Chris Lenius scores Fred Rodriguez to third 1-0: Foul Ball, location: 2F 1-1: Swinging Strike 1-2: Foul Ball, location: 2F 1-2: Ball 2-2: Strikes out looking
|
Bottom of the 3rd over - 2 runs, 3 hits, 0 errors, 1 left on base; Arizona State University 0 - University of Nebraska 2 |
TOP OF THE 4TH |
Arizona State University Sun Devils batting - Pitching for University of Nebraska Cornhuskers : RHP Scott Ernst
|
Batting: LHB Kenny Jackson
|
0-0: Ball 1-0: Foul Ball, location: 2F 1-1: Ball 2-1: Called Strike 2-2: Ground out 6-3 (Groundball, 6, EV 78.1 MPH)
|
Batting: LHB Eddie Lemus
|
0-0: Ground out 6-3 (Groundball, 6, EV 87.5 MPH)
|
Batting: SHB Joan Coucieiro
|
0-0: SOLO HOME RUN (Flyball, 8LXD, EV 113.8 MPH), Distance : 439 ft
|
Batting: RHB Arturo Gomez
|
0-0: Ball 1-0: Fly out, F8 (Flyball, 8RD, EV 75.6 MPH)
|
Top of the 4th over - 1 run, 1 hit, 0 errors, 0 left on base; Arizona State University 1 - University of Nebraska 2 |
BOTTOM OF THE 4TH |
University of Nebraska Cornhuskers batting - Pitching for Arizona State University Sun Devils : LHP Justin Thornton
|
Batting: RHB George Buffy
|
0-0: Ball 1-0: Ball 2-0: Foul Ball, location: 2F 2-1: Ball 3-1: Base on Balls
|
Batting: LHB Martin Koka
|
0-0: Ball 1-0: Ball 2-0: Swinging Strike 2-1: Swinging Strike 2-2: Grounds out, U3 (Groundball, 3L, EV 86.2 MPH)
|
Batting: RHB Ricky Avila
|
0-0: Ball 1-0: Called Strike 1-1: Ball 2-1: Foul Ball, location: 2F 2-2: Strikes out swinging
|
Batting: RHB Mike Robinson
|
0-0: Foul Ball, location: 2F 0-1: Ball 1-1: Swinging Strike 1-2: SINGLE (Groundball, 4D, EV 105.0 MPH) George Buffy to third Runner from 3rd tries for Home, SAFE, throw by RF to home Mike Robinson to second
|
Batting: RHB Willie Acevedo
|
0-0: Called Strike 0-1: Foul Ball, location: 2F 0-2: Fly out, F5 (Popup, 5, EV 73.8 MPH)
|
Bottom of the 4th over - 1 run, 1 hit, 0 errors, 1 left on base; Arizona State University 1 - University of Nebraska 3 |
TOP OF THE 5TH |
Arizona State University Sun Devils batting - Pitching for University of Nebraska Cornhuskers : RHP Scott Ernst
|
Batting: RHB Jim Unknown
|
0-0: Ball 1-0: Ball 2-0: Foul Ball, location: 2F 2-1: Ball 3-1: Swinging Strike 3-2: Foul Ball, location: 2F 3-2: Foul Ball, location: 2F 3-2: SINGLE (Groundball, 56S, EV 65.0 MPH) (infield hit)
|
Batting: RHB Bobby Johannsen
|
0-0: Called Strike 0-1: Ball 1-1: SINGLE (Groundball, 6MD, EV 106.2 MPH) Jim Unknown to second
|
Batting: RHB Raul Vargas
|
0-0: Swinging Strike 0-1: Swinging Strike 0-2: Ball 1-2: Strikes out swinging
|
Batting: RHB Jim Unknown
|
0-0: Ball 1-0: Foul Ball, location: 2F 1-1: Fly out, F7 (Flyball, 78M, EV 87.5 MPH)
|
Batting: RHB Tchaa Kombate
|
0-0: Called Strike 0-1: Called Strike 0-2: Strikes out swinging
|
Top of the 5th over - 0 runs, 2 hits, 0 errors, 2 left on base; Arizona State University 1 - University of Nebraska 3 |
BOTTOM OF THE 5TH |
University of Nebraska Cornhuskers batting - Pitching for Arizona State University Sun Devils : LHP Justin Thornton
|
Batting: RHB Chris Lenius
|
0-0: Swinging Strike 0-1: Foul Ball, location: 2F 0-2: Ball 1-2: Foul Ball, location: 2F 1-2: Ball 2-2: DOUBLE (Line Drive, 89M, EV 89.4 MPH)
|
Batting: RHB Fred Rodriguez
|
0-0: Ground out 6-3 (Groundball, 6, EV 83.8 MPH)
|
Batting: SHB Omar Cervantes
|
0-0: Called Strike 0-1: Swinging Strike 0-2: Strikes out swinging
|
Batting: RHB Bogumil Filipowski
|
0-0: Foul Ball, location: 2F 0-1: SINGLE (Groundball, 56S, EV 72.5 MPH) (infield hit) Chris Lenius to third
|
Batting: RHB George Buffy
|
0-0: Ball 1-0: Fielders Choice at 2nd, 6-4 (Groundball, 6, EV 88.1 MPH)
|
Bottom of the 5th over - 0 runs, 2 hits, 0 errors, 2 left on base; Arizona State University 1 - University of Nebraska 3 |
TOP OF THE 6TH |
Arizona State University Sun Devils batting - Pitching for University of Nebraska Cornhuskers : RHP Scott Ernst
|
Pitching: RHP D.J. Bryant
|
|
Batting: LHB Kenny Jackson
|
0-0: Ball 1-0: Called Strike 1-1: SINGLE (Groundball, P, EV 81.2 MPH) (infield hit)
|
Batting: LHB Eddie Lemus
|
0-0: Fly out, F6 (Popup, 56, EV 78.1 MPH)
|
Batting: SHB Joan Coucieiro
|
0-0: Ball 1-0: SINGLE (Groundball, 34S, EV 88.1 MPH) (infield hit) Kenny Jackson to second
|
Batting: RHB Arturo Gomez
|
0-0: Called Strike 0-1: Ball 1-1: Ball 2-1: Ball 3-1: Called Strike 3-2: Foul Ball, location: 2F 3-2: Base on Balls Kenny Jackson to third Joan Coucieiro to second
|
Batting: RHB Jim Unknown
|
0-0: Called Strike 0-1: Grounds into double play, U5-3 (Groundball, 5L, EV 78.1 MPH)
|
Top of the 6th over - 0 runs, 2 hits, 0 errors, 2 left on base; Arizona State University 1 - University of Nebraska 3 |
BOTTOM OF THE 6TH |
University of Nebraska Cornhuskers batting - Pitching for Arizona State University Sun Devils : LHP Justin Thornton
|
Batting: LHB Martin Koka
|
0-0: Foul Ball, location: 2F 0-1: Swinging Strike 0-2: Strikes out swinging
|
Pitching: RHP Salvador Rodriquez
|
|
Batting: RHB Ricky Avila
|
0-0: Ball 1-0: Called Strike 1-1: Swinging Strike 1-2: Ball 2-2: Foul Ball, location: 2F 2-2: Strikes out swinging
|
Batting: RHB Mike Robinson
|
0-0: Called Strike 0-1: Ball 1-1: Ball 2-1: Foul Ball, location: 2F 2-2: Foul Ball, location: 2F 2-2: Foul Ball, location: 2F 2-2: Ball 3-2: Base on Balls
|
Batting: RHB Willie Acevedo
|
0-0: Ball 1-0: Ball 2-0: Ball 3-0: Base on Balls Mike Robinson to second
|
Batting: RHB Chris Lenius
|
0-0: Ball 1-0: Ball 2-0: Ball 3-0: Swinging Strike 3-1: Foul Ball, location: 2F 3-2: Base on Balls Mike Robinson to third Willie Acevedo to second
|
Batting: RHB Fred Rodriguez
|
0-0: Swinging Strike 0-1: Ball 1-1: Ball 2-1: Swinging Strike Passed Ball! Mike Robinson scores Willie Acevedo to third Chris Lenius to second 2-2: Ball 3-2: Base on Balls
|
Batting: SHB Omar Cervantes
|
0-0: Ball 1-0: Ball 2-0: Ball 3-0: Called Strike 3-1: Foul Ball, location: 2F 3-2: Ground out 1-3 (Groundball, 13, EV 69.4 MPH)
|
Bottom of the 6th over - 1 run, 0 hits, 0 errors, 3 left on base; Arizona State University 1 - University of Nebraska 4 |
TOP OF THE 7TH |
Arizona State University Sun Devils batting - Pitching for University of Nebraska Cornhuskers : RHP D.J. Bryant
|
Batting: RHB Bobby Johannsen
|
0-0: Ball 1-0: Swinging Strike 1-1: Swinging Strike 1-2: Foul Ball, location: 2F 1-2: Strikes out swinging
|
Batting: RHB Raul Vargas
|
0-0: Foul Ball, location: 2F 0-1: Fly out, F7 (Flyball, 78S, EV 80.0 MPH)
|
Batting: RHB Jim Unknown
|
0-0: Foul Ball, location: 2F 0-1: Swinging Strike 0-2: Strikes out swinging
|
Top of the 7th over - 0 runs, 0 hits, 0 errors, 0 left on base; Arizona State University 1 - University of Nebraska 4 |
BOTTOM OF THE 7TH |
University of Nebraska Cornhuskers batting - Pitching for Arizona State University Sun Devils : RHP Salvador Rodriquez
|
Pitching: RHP Jim Unknown
|
|
Batting: RHB Bogumil Filipowski
|
0-0: Ball 1-0: Ball 2-0: Ball 3-0: Base on Balls
|
Batting: RHB George Buffy
|
0-0: SINGLE (Groundball, 4MD, EV 98.1 MPH) Bogumil Filipowski to second
|
Batting: LHB Martin Koka
|
0-0: Bunted foul 0-1: Bunt missed! 0-2: Ball 1-2: Ball 2-2: Fielders Choice at 2nd, 6-4 (Groundball, 6, EV 81.2 MPH) Bogumil Filipowski to third
|
Batting: RHB Ricky Avila
|
0-0: Ball 1-0: SINGLE (Groundball, 4MD, EV 101.9 MPH) Bogumil Filipowski scores Martin Koka to second
|
Batting: RHB Mike Robinson
|
0-0: Ball 1-0: Ball 2-0: Ball 3-0: Called Strike 3-1: Base on Balls Martin Koka to third Ricky Avila to second
|
Batting: RHB Willie Acevedo
|
0-0: Called Strike 0-1: Foul Ball, location: 2F 0-2: Ball 1-2: Ball 2-2: Grounds out, U3 (Groundball, 3L, EV 80.0 MPH) Martin Koka scores Ricky Avila to third
|
Batting: RHB Chris Lenius
|
0-0: Ball 1-0: Ball 2-0: Ball 3-0: Base on Balls
|
Batting: RHB Fred Rodriguez
|
0-0: DOUBLE (Line Drive, 9LS, EV 95.6 MPH) Ricky Avila scores Mike Robinson scores Chris Lenius to third Runner from 3rd tries for Home, SAFE, no throw by RF
|
Batting: SHB Omar Cervantes
|
0-0: Called Strike 0-1: Ball Wild Pitch! Fred Rodriguez to third 1-1: Called Strike 1-2: Ball 2-2: Ball 3-2: Fly out, F4 (Popup, 4, EV 58.8 MPH)
|
Bottom of the 7th over - 5 runs, 3 hits, 0 errors, 1 left on base; Arizona State University 1 - University of Nebraska 9 |
TOP OF THE 8TH |
Arizona State University Sun Devils batting - Pitching for University of Nebraska Cornhuskers : RHP D.J. Bryant
|
Batting: RHB Alonzo Cardona
|
0-0: Ball 1-0: Swinging Strike 1-1: Ground out 6-3 (Groundball, 6, EV 86.9 MPH)
|
Batting: LHB Kenny Jackson
|
0-0: Fly out, F5 (Popup, 5SF, EV 89.4 MPH)
|
Batting: LHB Eddie Lemus
|
0-0: Ball 1-0: Swinging Strike 1-1: Called Strike 1-2: Strikes out swinging
|
Top of the 8th over - 0 runs, 0 hits, 0 errors, 0 left on base; Arizona State University 1 - University of Nebraska 9 |
BOTTOM OF THE 8TH |
University of Nebraska Cornhuskers batting - Pitching for Arizona State University Sun Devils : RHP Jim Unknown
|
Batting: RHB Bogumil Filipowski
|
0-0: Called Strike 0-1: Called Strike 0-2: Ball 1-2: Ground out U3 (Groundball, 3, EV 90.6 MPH)
|
Pitching: RHP Jim Unknown
|
|
Batting: RHB George Buffy
|
0-0: Ground out U3 (Groundball, 34S, EV 83.8 MPH)
|
Pinch Hitting: SHB Ken Kidd
|
0-0: Ground out 6-3 (Groundball, 6, EV 93.8 MPH)
|
Bottom of the 8th over - 0 runs, 0 hits, 0 errors, 0 left on base; Arizona State University 1 - University of Nebraska 9 |
TOP OF THE 9TH |
Arizona State University Sun Devils batting - Pitching for University of Nebraska Cornhuskers : RHP D.J. Bryant
|
Now in LF: Ken Kidd
|
|
Batting: SHB Joan Coucieiro
|
0-0: Ground out 6-3 (Groundball, 6, EV 106.2 MPH)
|
Batting: RHB Arturo Gomez
|
0-0: Called Strike 0-1: Foul Ball, location: 2F 0-2: Foul Ball, location: 2F 0-2: Strikes out swinging
|
Batting: RHB Jim Unknown
|
0-0: Ball 1-0: Foul Ball, location: 2F 1-1: Ball 2-1: Called Strike 2-2: Ball 3-2: Base on Balls
|
Batting: RHB Bobby Johannsen
|
0-0: Ball 1-0: Ball 2-0: Fielders Choice at 2nd, 5-4 (Groundball, 5, EV 94.4 MPH)
|
Top of the 9th over - 0 runs, 0 hits, 0 errors, 1 left on base; Arizona State University 1 - University of Nebraska 9 |
|